 Seeded DCSS version 0.24-a0-441-g27f0392 (webtiles) character file.

Game seed: 7821193417541434212

44 Llamajah the Magician (level 3, 0/21 HPs)
             Began as a Deep Elf Warper on June 18, 2019.
             Succumbed to an adder's poison
             ... on level 2 of the Dungeon.
             The game lasted 00:07:14 (2188 turns).

Llamajah the Magician (Deep Elf Warper)             Turns: 2188, Time: 00:07:15

Health: 0/21       AC:  3    Str:  6 (9)  XL:     3   Next: 39%
Magic:  10/10      EV: 12    Int: 16 (17) God:
Gold:   36         SH:  0    Dex: 12 (14) Spells: 7/9 levels left

rFire    . . .     SeeInvis .   a - +0 hand axe
rCold    . . .     Gourm    .   (no shield)
rNeg     . . .     Faith    .   b - +0 leather armour
rPois    .         Spirit   .   (no helmet)
rElec    .         Reflect  .   (no cloak)
rCorr    .         Harm     .   (no gloves)
MR       .....                  (no boots)
Stlth    +.........             (no amulet)
HPRegen  0.07/turn              (no ring)
MPRegen  0.12/turn              (no ring)

@: lethally poisoned (0 -> -7)
A: no striking features
a: no special abilities


You were on level 2 of the Dungeon.
You were not hungry.

You visited 1 branch of the dungeon, and saw 2 of its levels.

You collected 36 gold pieces.

Inventory:

Hand Weapons
 a - a +0 hand axe (weapon)
Missiles
 e - 4 boomerangs of dispersal (quivered)
Armour
 b - a +0 leather armour (worn)
Wands
 i - a wand of polymorph (8)
Scrolls
 d - a scroll of blinking
 g - a scroll of teleportation {unknown}
 h - 4 scrolls of identify {unknown}
Comestibles
 f - 7 rations
 j - a chunk of flesh


   Skills:
 + Level 1.9 Fighting
 + Level 1.8 Axes
 + Level 1.5 Throwing
 + Level 1.1 Armour
 * Level 3.1 Dodging
 + Level 3.6 Spellcasting
 - Level 3.2 Translocations


You had 7 spell levels left.
You knew the following spells:

 Your Spells              Type           Power        Failure   Level  Hunger
a - Blink                 Tloc           N/A          11%         2    ##.....

Your spell library contained the following spells:

 Spells                   Type           Power        Failure   Level  Hunger
 Shroud of Golubria       Chrm/Tloc      #.....       22%         2    ##.....
 Gell's Gravitas          Tloc           ##........   22%         3    ###....
 Lesser Beckoning         Tloc           ##........   22%         3    ###....
 Teleport Other           Tloc           ##......     22%         3    ###....
 Passage of Golubria      Tloc           N/A          56%         4    ####...


Dungeon Overview and Level Annotations

Branches:
Dungeon (2/15)

Altars:


Message History

* * * LOW HITPOINT WARNING * * *
You feel sick.
Things that are here:
an adder corpse; a bat skeleton
* * * LOW HITPOINT WARNING * * *
You feel sick.
It was a potion of degeneration.
There was something very wrong with that liquid.
You feel weakened.
You feel dopey.
You feel clumsy.
There is a lethal amount of poison in your body!
There is a lethal amount of poison in your body!
There is a lethal amount of poison in your body!
There is a lethal amount of poison in your body!
There is a lethal amount of poison in your body!
There is a lethal amount of poison in your body!
* * * LOW HITPOINT WARNING * * *
You feel sick.
Things that are here:
an adder corpse; a bat skeleton You die...

#..#.##.###.......#
#.###..........##.# ..
#..#...<###.##.##.# ..
##..##### #.##.##.# S. #...##
#.##.##.# .# .....##
#.##.##.# .# # ......##
#.......# .#.##
..÷....####....#########....#
.......'........@.†........(#
.......####....##########...#
......## ##....## .## .....##
#.....# # #...## #.....#
##+## #.....# ##.#####
##...## .......# #.###
.....#.# #.#


There were no monsters in sight!

Vanquished Creatures
  An adder (D:2)
  2 dart slugs (D:1)
  A leopard gecko (D:1)
  2 ball pythons
  6 bats
  A giant cockroach (D:1)
  4 goblins
  4 hobgoblins (D:1)
  A kobold (D:1)
  A frilled lizard (D:1)
  4 rats
27 creatures vanquished.

Notes
Turn   | Place    | Note
-------+----------+-------------------------------------------
     0 | D:1      | Llamajah the Deep Elf Warper began the quest for the Orb.
     0 | D:1      | Reached XP level 1. HP: 12/12 MP: 6/6
   368 | D:1      | Reached XP level 2. HP: 5/17 MP: 8/8
   375 | D:1      | Learned a level 2 spell: Blink
   938 | D:1      | Reached skill level 1 in Armour
  1517 | D:1      | Reached XP level 3. HP: 10/21 MP: 10/10
  2186 | D:2      | HP: 1/21 [poisoned by an adder]
  2188 | D:2      | Succumbed to an adder's poison

Levels and vault maps discovered:
D:1:      minmay_arrival_nine_rooms, layout_basic
D:2:      layout_loops_corners, zin_statuary,
          nicolae_dithmenos_through_a_glass_darkly

Skill      XL: |  1  2  3 |
---------------+----------+-----
Armour         | 1 |  1.1
Dodging        | 3 |  3.1
Fighting       | |  1.9
Axes           | |  1.8
Throwing       | |  1.5
Spellcasting   | |  3.6
Translocations | |  3.2

Action                   || total
-------------------------++-------
Melee: Hand axe          ||   130
Throw: Boomerang         ||     1
  Use: Potion            ||     2
 Stab: Sleeping          ||     2
  Eat: Chunk             ||     4
Armor: Leather armour    ||    40
Dodge: Dodged            ||   118

Table legend:
 A = Non-vault XP
 B = Vault XP
 C = Vault XP percentage of total XP
 D = Non-vault monster count
 E = Vault monster count
 F = Vault count percentage of total count
                 A         B        C        D         E       F
            +---------+---------+-------+---------+---------+-------
      Total |      63 |       0 |   0.0 |      27 |       0 |   0.0
            +---------+---------+-------+---------+---------+-------
        D:1 |      42 |       0 |   0.0 |      21 |       0 |   0.0
        D:2 |      21 |       0 |   0.0 |       6 |       0 |   0.0
            +---------+---------+-------+---------+---------+-------
